 Dungeon Crawl Stone Soup version 0.26.0-15-gc6cd9f700b (webtiles) character file.

Game seed: 13463332216369283734

489 KamiKatze the Skirmisher (level 7, -3/60 HPs)
             Began as a Ghoul Fighter on Jan 16, 2021.
             Killed by divine providence
             ... invoked by an orc priest
              (17 damage)
             ... on level 4 of the Dungeon.
             The game lasted 00:13:05 (3402 turns).

KamiKatze the Skirmisher (Ghoul Fighter)            Turns: 3402, Time: 00:13:06

Health: -3/60      AC: 10    Str: 21    XL:     7   Next: 14%
Magic:  6/6        EV:  8    Int:  3    God:
Gold:   153        SH:  9    Dex:  9    Spells: 6/6 levels left

rFire    . . .     SeeInvis .   a - +0 war axe
rCold    + . .     Faith    .   c - +0 kite shield
rNeg     + + +     Spirit   .   b - +0 scale mail
rPois    ∞         Reflect  .   i - +0 helmet
rElec    .         Harm     .   (no cloak)
rCorr    .         Rampage  .   x - +0 pair of gloves
Will     +....                  A - +0 pair of boots
Stlth    ..........             w - amulet of magic regeneration
HPRegen  0.00/turn              e - ring of willpower
MPRegen  0.35/turn              (no ring)

@: mighty
A: claws 1, cold resistance 1, negative energy resistance 3, inhibited
regeneration, torment resistance, unbreathing
a: no special abilities


You were on level 4 of the Dungeon.
You visited 1 branch of the dungeon, and saw 4 of its levels.
You also visited: Sewer.

You collected 153 gold pieces.

Inventory:

Hand Weapons
 a - a +0 war axe (weapon)
Missiles
 p - 31 poisoned darts (quivered)
 q - 90 stones
 t - 3 boomerangs
Armour
 b - a +0 scale mail (worn)
 c - a +0 kite shield (worn)
 i - a +0 helmet (worn)
 m - a +0 plate armour
 x - a +0 pair of gloves (worn)
 A - a +0 pair of boots (worn)
Jewellery
 e - a ring of willpower (left hand)
 w - an amulet of magic regeneration (around neck)
Scrolls
 f - 4 scrolls of fear
 g - a scroll of identify {unknown}
 h - 4 scrolls of remove curse
 k - a scroll of amnesia {unknown}
 l - a scroll of magic mapping {unknown}
 o - a scroll of random uselessness {unknown}
 s - a scroll of enchant weapon {unknown}
 y - a scroll of teleportation {unknown}
Potions
 j - 3 potions of degeneration {unknown}
 n - 2 potions of invisibility {unknown}
 r - 4 potions of flight {unknown}
 u - 3 potions of haste
 v - 2 potions of mutation {unknown}
 z - 2 potions of heal wounds {unknown}
 B - 2 potions of curing {unknown}


   Skills:
 + Level 4.7 Fighting
 * Level 3.9 Axes
 - Level 2.0 Throwing
 + Level 3.6 Armour
 - Level 2.0 Dodging
 + Level 3.6 Shields


You had 6 spell levels left.
You didn't know any spells.
Your spell library contained the following spells:

 Spells                   Type           Power        Failure   Level
 Magic Dart               Conj           0%           100%        1
 Searing Ray              Conj           0%           100%        2
 Dazzling Flash           Conj/Hex       0%           100%        3
 Fulminant Prism          Conj/Hex       0%           100%        4
 Iskenderun's Mystic Bla  Conj/Tloc      0%           100%        4


Dungeon Overview and Level Annotations

Branches:
Dungeon (4/15)              Sewer (visited)
 Temple: D:4-7

Altars:
Elyvilon
Ru
Sif Muna

Annotations:
D:1 gid at w:1
D:4 Edmund, Grinder


Innate Abilities, Weirdness & Mutations

You thrive by killing the living.
You are immune to poison.
You have sharp fingernails.
Your flesh is cold resistant. (rC+)
You are immune to negative energy. (rN+++)
You do not regenerate when monsters are visible.
You are immune to unholy pain and torment.
You can survive without breathing.


Message History

You have reached level 7!
You slice Grinder!!
Grinder is almost dead.
Grinder hits you.
* * * LOW HITPOINT WARNING * * *
You closely miss Grinder.
Grinder is almost dead.
Grinder hits you but does no damage.
Unknown command.
You completely miss Grinder.
Grinder is almost dead.
Grinder blinks!
Grinder gestures at you. You resist with almost no effort.
The orc priest hits you but does no damage.
There is an open door, spattered with blood here.
Items here: )) [ ††.
The orc priest invokes the aid of Beogh against you.
Beogh smites you!
You die...

.#........#......#
##........#......#
).........#......#
..........#......#)....o.
.)........#......'.....o.
..........#......#S§.o...
..........#......#...Bo..
..........#......#.......
##........#....o@#@......
#........##'###§#.......
#.....#'##...#.)...#
#.....#......#.....#
#.....'......+.....#
#.....#......#.....#
#.....#####+##.5...#
###.... ........ #....
........?.


You could see Grinder and an orc priest.

Vanquished Creatures
  Sigmund (D:4)
  A bullfrog (Sewer)
  An orc priest (D:4)
  A worker ant (D:4)
  Robin (D:2)
  7 adders
  An ooze (D:3)
  A worm (D:3)
  4 dart slugs
  12 leopard geckos
  6 orcs (D:4)
  4 ball pythons
  7 giant cockroaches
  16 goblins
  10 hobgoblins
  13 jackals
  2 quokkas
  6 bats
  9 frilled lizards
  2 kobolds
  8 rats
113 creatures vanquished.

Vanquished Creatures (others)
  2 plants (D:3)
2 creatures vanquished.

Grand Total: 115 creatures vanquished

Notes
Turn   | Place    | Note
-------+----------+-------------------------------------------
     0 | D:1      | KamiKatze the Ghoul Fighter began the quest for the Orb.
     0 | D:1      | Reached XP level 1. HP: 19/19 MP: 0/0
   294 | D:1      | Reached XP level 2. HP: 16/26 MP: 1/1
   537 | D:1      | Reached XP level 3. HP: 31/31 MP: 2/2
   542 | D:1      | Reached skill level 1 in Dodging
   830 | D:2      | Noticed Robin
  1122 | D:2      | Killed Robin
  1123 | D:2      | Reached XP level 4. HP: 40/40 MP: 3/3
  1418 | D:2      | Found a white marble altar of Elyvilon.
  1905 | D:3      | Reached XP level 5. HP: 46/46 MP: 4/4
  1929 | D:3      | Found a glowing drain.
  1951 | Sewer    | Entered a sewer
  2394 | Sewer    | Reached skill level 4 in Fighting
  2632 | Sewer    | Reached skill level 1 in Throwing
  2632 | Sewer    | Reached XP level 6. HP: 28/52 MP: 5/5
  2994 | D:3      | Found a sacrificial altar of Ru.
  3217 | D:3      | Found a shimmering blue altar of Sif Muna.
  3264 | D:4      | Noticed Edmund
  3375 | D:4      | Noticed Grinder
  3375 | D:4      | Noticed Sigmund
  3397 | D:4      | Killed Sigmund
  3398 | D:4      | Reached XP level 7. HP: 19/60 MP: 6/6
  3402 | D:4      | Killed from afar by an orc priest

Illustrated notes

Levels and vault maps discovered:
D:1:      dpeg_arrival_arbitrary_a, layout_loops_ring, st_stairs_11,
          minmay_hedge_maze
D:2:      layout_basic, elyvilon_altar_3, minmay_tetromino_o2, uniq_robin
D:3:      layout_basic, nicolae_ru_sacrificial_ziggurat, gup_sewer_entry_pipe,
          serial_glass, glass_columns_b, glass_columns_a, glass_columns_a,
          glass_columns_b, serial_bayou_pond_c, chequers_decorated_corner,
          lemuel_blue_sif_altar
D:4:      layout_gridville, serial_shops, shop, fedhas_altar_4, uniq_grinder,
          uniq_sigmund, uniq_edmund

Skill      XL: |  1  2  3  4  5  6 |
---------------+-------------------+-----
Axes           | 2 3 |  3.9
Dodging        | 1 2 |  2.0
Armour         | 3 |  3.6
Shields        | 3 |  3.6
Fighting       | 4 |  4.7
Throwing       | 1 2 |  2.0

Action                   |  1- 3 |  4- 6 |  7- 9 || total
-------------------------+-------+-------+-------++-------
Melee: War axe           |   117 |   223 |     3 ||   343
  Use: Scroll            |     1 |     1 |       ||     2
       Potion            |       |     1 |       ||     1
Armor: Scale mail        |    60 |   116 |     2 ||   178
Dodge: Dodged            |    46 |   105 |       ||   151
Block: Kite shield       |    76 |   126 |       ||   202
